 Dungeon Crawl Stone Soup version 0.19.4-8-ga85b6b9 (webtiles) character file.

859 LORDOFBUTT the Blocker (level 8, -4/58 HPs)
             Began as a Formicid Fighter on Feb 13, 2017.
             Blown up by Pikel (7 damage)
             ... with a wand of disintegration
             ... on level 5 of the Dungeon.
             The game lasted 00:04:53 (3030 turns).

LORDOFBUTT the Blocker (Formicid Fighter)           Turns: 3030, Time: 00:04:55

Health: -4/58      AC:  8    Str: 22    XL:     8   Next: 22%
Magic:  8/8        EV:  9    Int:  7    God:
Gold:   230        SH: 11    Dex: 10    Spells: 0 memorised, 7 levels left

rFire  + . .     SeeInvis +     a - +0 war axe
rCold  . . .     Gourm    .     b - +0 scale mail
rNeg   . . .     Faith    .     c - +0 shield
rPois  .         Spirit   .     (helmet unavailable)
rElec  .         Reflect  .     l - +0 cloak
rCorr  .         Harm     .     (no gloves)
MR     .....                    (no boots)
Stlth  ..........               (no amulet)
                                w - ring of protection from fire
                                t - -2 ring of dexterity (curse)

@: lethally poisoned (-4 -> -13)
A: permanent stasis, dig shafts and tunnels, four strong arms, antennae 3
a: Dig, Shaft Self


You were on level 5 of the Dungeon.
You were not hungry.

You visited 1 branch of the dungeon, and saw 5 of its levels.

You collected 230 gold pieces.

Inventory:

Hand Weapons
 a - a +0 war axe (weapon)
Armour
 b - a +0 scale mail (worn)
 c - a +0 shield (worn)
 l - a +0 cloak (worn)
Jewellery
 t - a cursed -2 ring of dexterity (left hand)
 w - a ring of protection from fire (right hand)
 x - an uncursed amulet of faith {unknown}
 y - an uncursed ring of magical power {unknown}
 F - an uncursed ring of see invisible {unknown}
Wands
 E - a wand of random effects (30/48)
Scrolls
 m - 2 scrolls of teleportation {unknown}
 p - 3 scrolls of fear
 r - a scroll of recharging
 B - a scroll of identify
 G - a scroll of remove curse {unknown}
Potions
 e - 2 potions of brilliance
 h - a potion of beneficial mutation {unknown}
 i - a potion of resistance {unknown}
 j - a potion of degeneration {unknown}
 k - a potion of flight {unknown}
 n - 2 potions of cure mutation
 o - a potion of haste
 v - 2 potions of magic
 z - a potion of mutation {unknown}
 A - a potion of agility {unknown}
 C - a potion of curing {unknown}
Books
 D - a book of Geomancy

   Spells                             Type                      Level
   a - Sandblast                      Earth                        1
   b - Passwall                       Transmutation/Earth          2
   c - Stone Arrow                    Conjuration/Earth            3
   d - Petrify                        Transmutation/Earth          4
   e - Lee's Rapid Deconstruction     Earth                        5
Comestibles
 f - 2 bread rations
 g - 2 beef jerkies
 q - 3 meat rations
 s - 7 chunks of flesh
 u - 2 royal jellies


   Skills:
 + Level 3.4 Fighting
 * Level 5.5 Axes
 + Level 3.4 Armour
 - Level 9.1 Shields


You had 7 spell levels left.
You didn't know any spells.

Dungeon Overview and Level Annotations

Branches:
Dungeon (5/15)
 Temple: D:4-7

Altars:
Ashenzari
Xom
The Shining One

Shops:
D:4 %

Annotations:
D:5 Pikel


Innate Abilities, Weirdness & Mutations

You are under a permanent stasis effect.
You can dig through walls and to a lower floor.
Your four strong arms can wield two-handed weapons with a shield.
You have a pair of large antennae on your head. (SInv)


Message History

Your attack snaps the scorpion out of its fear.
Pikel cowers, then darts away.
An orc comes into view. It is wielding a short sword.
The orc shouts!
An orc comes into view. It is wielding a mace.
The orc shouts!
The slave seems to regain its courage.
An orc comes into view. It is wielding a dagger.
The orc shouts!
You barely miss Pikel.
Pikel is severely wounded.
Cornered, Pikel turns to fight!
You closely miss Pikel.
Pikel is severely wounded.
The slave shouts!
You hit the scorpion. The scorpion stings you.
* * * LOW HITPOINT WARNING * * *
You are lethally poisoned!
The scorpion poisons you!
Pikel zaps a wand.
You are blasted!
You die...

#.###....#. ##
#..>...... #.#
##<.....# #.#
##..###....
..###.#.# #
####.#..#.##
#..........#
.#.#####..p....#..#
o...ooK@sp##.###..#
....o###.###......#
..# #.# #.######
#.# .p# ... #.#
#..{... #### .#


You could see Pikel, 2 slaves, a scorpion, an orc wizard (wandering) and 3 orcs.

Vanquished Creatures
  Sigmund (D:2)
  The ghost of aty692 the Poker, an amateur HOMo (D:4)
  An ogre (D:4)
  A phantom (D:4)
  A bullfrog (D:4)
  A scorpion (D:4)
  Crazy Yiuf (D:3)
  A gnoll shaman (D:4)
  Natasha (thrice) (D:2)
  4 gnolls
  4 adders
  3 oozes
  An adder skeleton (D:4)
  A dart slug (D:2)
  A leopard gecko (D:1)
  An orc (D:3)
  5 giant cockroaches
  7 hobgoblins
  2 jackals (D:2)
  7 kobolds
  A quokka (D:2)
  A ball python (D:2)
  8 bats
  5 frilled lizards
  7 goblins
  A rat (D:2)
  2 fungi (D:3)
72 creatures vanquished.

Notes
Turn   | Place    | Note
-------+----------+-------------------------------------------
     0 | D:1      | LORDOFBUTT the Formicid Fighter began the quest for the Orb.
     0 | D:1      | Reached XP level 1. HP: 18/18 MP: 1/1
   158 | D:1      | Reached XP level 2. HP: 23/24 MP: 2/2
   174 | D:1      | Reached skill level 4 in Shields
   258 | D:1      | Found a shattered altar of Ashenzari.
   554 | D:2      | Reached XP level 3. HP: 29/29 MP: 3/3
   635 | D:2      | Noticed Natasha
   638 | D:2      | Killed Natasha
   638 | D:2      | Reached skill level 5 in Shields
   638 | D:2      | Reached XP level 4. HP: 27/35 MP: 4/4
   790 | D:2      | Noticed Natasha
   798 | D:2      | Killed Natasha
   813 | D:2      | Reached XP level 5. HP: 25/41 MP: 5/5
   875 | D:2      | Noticed Natasha
   891 | D:2      | Killed Natasha
   962 | D:2      | Reached skill level 6 in Shields
  1122 | D:2      | Noticed Sigmund
  1134 | D:2      | Killed Sigmund
  1134 | D:2      | Reached skill level 7 in Shields
  1134 | D:2      | Reached XP level 6. HP: 11/47 MP: 6/6
  1608 | D:3      | Found a glowing golden altar of the Shining One.
  1808 | D:3      | Found a runed door.
  1851 | D:3      | Noticed Crazy Yiuf
  1857 | D:3      | Killed Crazy Yiuf
  1988 | D:3      | Reached XP level 7. HP: 52/52 MP: 7/7
  2077 | D:4      | Noticed aty692's ghost (amateur HOMo)
  2144 | D:4      | Killed aty692's ghost
  2144 | D:4      | Reached skill level 8 in Shields
  2264 | D:4      | Found Asiong's Food Emporium.
  2350 | D:4      | Found a shimmering altar of Xom.
  2402 | D:4      | HP: 2/52 [ogre/giant spiked club (15)]
  2406 | D:4      | Reached skill level 5 in Axes
  2406 | D:4      | Reached XP level 8. HP: 9/58 MP: 8/8
  2912 | D:4      | Reached skill level 9 in Shields
  2998 | D:5      | Entered Level 5 of the Dungeon
  3000 | D:5      | Noticed Pikel
  3030 | D:5      | Blown up by Pikel

Skill      XL: |  1  2  3  4  5  6  7  8 |
---------------+-------------------------+-----
Shields        | 4 5 7 8 9 |  9.1
Axes           | 3 4 5 |  5.5
Fighting       | |  3.4
Armour         | |  3.4

Action                   |  1- 3 |  4- 6 |  7- 9 || total
-------------------------+-------+-------+-------++-------
Melee: War axe           |    70 |   135 |   113 ||   318
Evoke: Wand              |       |       |     1 ||     1
  Use: Potion            |       |     1 |     2 ||     3
       Scroll            |       |     8 |     1 ||     9
 Stab: Fleeing           |       |       |     1 ||     1
  Eat: Chunk             |       |     3 |     2 ||     5
       Fruit             |       |       |     3 ||     3
Armor: Scale mail        |    32 |    42 |    41 ||   115
Dodge: Dodged            |    26 |    44 |    32 ||   102
Block: Shield            |    35 |    76 |    69 ||   180
